 Dungeon Crawl Stone Soup version 0.30-a0-1116-gebefce21f7 (webtiles) character file.

Game seed: 8343171580774344469

361 jasper the Magician (level 6, 0/28 HPs)
             Began as a Spriggan Air Elementalist on Apr 21, 2023.
             Killed by nerve-wracking pain
             ... invoked by an orc priest
              (12 damage)
             ... on level 4 of the Dungeon.
             The game lasted 00:06:15 (3756 turns).

jasper the Magician (Spriggan Air Elementalist)     Turns: 3756, Time: 00:06:16

Health: 0/28       AC:  3    Str:  4    XL:     6   Next: 38%
Magic:  2/14       EV: 17    Int: 19    God:
Gold:   49         SH:  0    Dex: 15    Spells: 7/15 levels left

rFire   . . .      SeeInvis +    o - +2 hand axe (elec)
rCold   . . .      Faith    .    (no shield)
rNeg    . . .      Spirit   .    a - +1 robe
rPois   +          Reflect  .    (helmet restricted)
rElec   .          Rampage  .    (no cloak)
rCorr   .                        (gloves unavailable)
Will    +....                    (boots unavailable)
Stlth   ++                       (no amulet)
HPRegen 0.24/turn                k - +4 ring of slaying
MPRegen 0.14/turn                w - ring of poison resistance

@: very slightly contaminated, very quick
A: very small, no large weapons, unfitting armour, see invisible, speed 3
a: no special abilities


You were on level 4 of the Dungeon.
You visited 1 branch of the dungeon, and saw 4 of its levels.

You collected 319 gold pieces.
You spent 270 gold pieces at shops.

Inventory:

Hand Weapons
 d - a +0 short sword
 o - a +2 hand axe of electrocution (weapon)
Missiles
 e - 40 stones
 p - 6 silver boomerangs
Armour
 a - a +1 robe (worn)
Jewellery
 k - a +4 ring of slaying (left hand)
 m - an amulet of faith
 s - a ring of flight
 w - a ring of poison resistance (right hand)
Wands
 n - a wand of mindburst (12)
 z - a wand of charming (10)
Scrolls
 g - a scroll of immolation
 q - a scroll of teleportation
 t - a scroll of enchant armour
 x - 3 scrolls of blinking
 y - a scroll of enchant weapon {unknown}
 A - a scroll of silence {unknown}
Potions
 b - 2 potions of magic
 c - a potion of haste
 f - a potion of flight
 h - 2 potions of degeneration
 i - 3 potions of heal wounds
 j - 2 potions of curing {unknown}
 l - a potion of attraction {unknown}
 r - a potion of brilliance
 u - a potion of ambrosia {unknown}
 v - a potion of lignification {unknown}


   Skills:
 - Level 2.6 Dodging
 - Level 3.0 Stealth
 + Level 5.1 Spellcasting
 + Level 2.7 Conjurations
 - Level 1.0 Translocations
 + Level 4.4 Air Magic


You had 7 spell levels left.
You knew the following spells:

 Your Spells              Type           Power      Damage    Failure   Level
a - Shock                 Conj/Air       72%        1d7       2%          1
b - Static Discharge      Conj/Air       36%        2-4/arc   4%          2
c - Airstrike             Air            10%        2d(2-18)  21%         4
d - Apportation           Tloc           16%        N/A       9%          1

Your spell library contained the following spells:

 Spells                   Type           Power      Damage    Failure   Level
 Swiftness                Air            21%        N/A       6%          3
 Stone Arrow              Conj/Erth      20%        3d8       22%         3
 Animate Armour           Summ/Erth      8%         N/A       77%         4
 Alistair's Intoxication  Tmut/Pois      2%         N/A       98%         5
 Lehudib's Crystal Spear  Conj/Erth      5%         10d3      100%        8


Dungeon Overview and Level Annotations

Branches:
Dungeon (4/15)
 Temple: D:4-7

Altars:
Kikubaaqudgha
Nemelex Xobeh
Okawaru
Wu Jian

Shops:
D:4 ?


Innate Abilities, Weirdness & Mutations

You are very small and have problems with some larger weapons.
You are too small for most types of armour.
You have supernaturally acute eyesight. (SInv)
You cover ground extremely quickly. (Speed+++)


Message History

You kill the orc wizard!
The zap misses the orc priest.
The zap hits the orc.
The orc is moderately wounded.
The orc priest calls upon Beogh to heal the orc.
The orc's wounds heal themselves!
You now have 4/14 mp.
Aiming: Shock (safe; 2% risk of failure)
Press: ? - help, Q - select action, (/) - cycle Shift-Dir - straight line, f - orc priest
Aim: an orc priest, wielding a +0 club (71% to hit)
The zap hits the orc priest!
The orc priest is heavily wounded.
The zap hits the orc.
The orc is lightly wounded.
A quokka comes into view.
You now have 3/14 mp.
Aiming: Shock (safe; 2% risk of failure)
Press: ? - help, Q - select action, (/) - cycle Shift-Dir - straight line, f/p - orc priest
Aim: an orc priest, wielding a +0 club (heavily wounded, 71% to hit)
The zap hits the orc priest.
The orc priest is severely wounded.
The zap hits the orc.
The orc is almost dead.
The zap misses the quokka.
The orc priest calls down the wrath of Beogh upon you.
Beogh smites you!
Ouch! That really hurt!
An orc comes into view. It is wielding a +0 short sword.
You take 17 damage, and have 11/28 hp.
MASSIVE DAMAGE!!
You now have 2/14 mp.
Aiming: Shock (safe; 2% risk of failure)
Press: ? - help, Q - select action, (/) - cycle Shift-Dir - straight line, f/p - orc priest
Aim: an orc priest, wielding a +0 club (severely wounded, 71% to hit)
The zap hits the orc priest.
The orc priest is almost dead.
The zap hits the orc.
You kill the orc!
The zap misses the quokka.
The zap hits the orc.
The orc is severely wounded.
The orc priest invokes the aid of Beogh against you.
Pain shoots through your body!
You die...

#.##.............
##.##..####.#.###.
.#####...#........#.##.
.............).....<##.
...####...##.#####.#.##.
.........###.# #)#....
..####..# #.# #.####.
####†.# #.# #.# #.
#...@.# #.# #.# #.
.............# #.# #.
#.##.##.#...... .# #.
... .o.....## #. ....
#)#.##.# #. #.# #r#.# .#
## #. #.# #


oo# You could see 2 orc priests, an orc and a quokka.

Vanquished Creatures
  2 scorpions (D:4)
  A hound (D:4)
  Natasha (D:3)
  2 orc wizards (D:4)
  5 adders
  A dart slug (D:3)
  10 orcs
  8 endoplasms
  6 giant cockroaches
  3 goblins
  A hobgoblin (D:2)
  9 jackals
  9 kobolds
  3 quokkas
  5 ball pythons
  7 bats
  8 frilled lizards
  2 rats
83 creatures vanquished.

Notes
Turn   | Place    | Note
-------+----------+-------------------------------------------
     0 | D:1      | jasper the Spriggan Air Elementalist began the quest for
                  | the Orb.
     0 | D:1      | Reached XP level 1. HP: 9/9 MP: 5/5
   247 | D:1      | Reached skill level 3 in Spellcasting
   247 | D:1      | Reached skill level 1 in Conjurations
   289 | D:1      | Reached XP level 2. HP: 13/13 MP: 2/7
  1117 | D:2      | Reached XP level 3. HP: 16/16 MP: 4/8
  1120 | D:2      | Learned a level 2 spell: Static Discharge
  1168 | D:2      | Found an iron altar of Okawaru.
  1916 | D:3      | Reached XP level 4. HP: 21/21 MP: 7/10
  1921 | D:3      | Learned a level 4 spell: Airstrike
  2349 | D:3      | Found an ancient bone altar of Kikubaaqudgha.
  2365 | D:3      | Reached skill level 4 in Spellcasting
  2429 | D:3      | Found a sparkling altar of Nemelex Xobeh.
  2760 | D:3      | Noticed Natasha
  2766 | D:3      | Killed Natasha
  2847 | D:3      | Found an ornate altar of the Wu Jian Council.
  3007 | D:4      | Reached XP level 5. HP: 24/24 MP: 6/12
  3234 | D:4      | Learned a level 1 spell: Apportation
  3340 | D:4      | Found Sirocso's Magic Scroll Shop.
  3345 | D:4      | Bought 3 scrolls of blinking for 270 gold pieces
  3610 | D:4      | Reached skill level 1 in Translocations
  3694 | D:4      | Reached XP level 6. HP: 19/28 MP: 7/14
  3751 | D:4      | Reached skill level 5 in Spellcasting
  3756 | D:4      | Killed from afar by an orc priest

Illustrated notes

Levels and vault maps discovered:
D:1:      spicycebolla_arrival_ecumenical, layout_rooms
D:2:      layout_rooms, basic_altar
D:3:      layout_basic, amcnicky_altar_gilded, mainiacjoe_overflow_alcove_4,
          nicolae_kikubaaqudgha_miasma_corner, uniq_natasha
D:4:      layout_loops_ring, serial_shops, kennysheep_little_box,
          hellmonk_no_cap

Skill      XL: |  1  2  3  4  5  6 |
---------------+-------------------+-----
Spellcasting   | 3 4 5 |  5.1
Conjurations   | 1 2 |  2.7
Air Magic      | 3 4 |  4.4
Translocations | 1 |  1.0
Dodging        | |  2.6
Stealth        | |  3.0

Action                     |  1- 3 |  4- 6 || total
---------------------------+-------+-------++-------
  Melee: Short sword       |     5 |       ||     5
   Cast: Shock             |    89 |    96 ||   185
         Static Discharge  |       |    13 ||    13
    Use: Scroll            |     8 |     1 ||     9
 Armour: Robe              |     4 |     2 ||     6
  Dodge: Dodged            |    19 |    26 ||    45

Table legend: (Time is in decaauts)
 A = Elapsed time spent in this place.
 B = Non-inter-level travel time spent in this place.
 C = Inter-level travel time spent in this place.
 D = Time resting spent in this place.
 E = Time spent auto-exploring this place.
 F = Levels seen in this place.
 G = Mean time per level.
                   A        B        C        D        E       F      G
               +--------+--------+--------+--------+--------+-----+--------+
         Total |   3115 |   3069 |     46 |    110 |   2561 |   4 |  778.8 |
       Dungeon |   3115 |   3069 |     46 |    110 |   2561 |   4 |  778.8 |
               +--------+--------+--------+--------+--------+-----+--------+

Top non-repeatable levels by time:
     D:3: 943 daAuts
     D:1: 874 daAuts
     D:4: 733 daAuts
     D:2: 563 daAuts
